Map: Winter's Gate LE

Players

Djorn

  • Race: Protoss Protoss
  • League: Silver
  • Spawn Location: 5:00

unuuna - Winner!

  • Race: Zerg Zerg
  • League: Silver
  • Spawn Location: 11:00

VOD

Have the link to the VOD?

Description

Time

  • Played on: Aug. 26, 2019, 9:05 p.m.
  • Length: 9:01
Show
View Real Time Build Order
Export as new Build Order

Djorn Protoss 

Build Orders:  

Get SALT Encoding   

  12  0:01  Probe  
  13  0:13  Probe  
  14  0:23  Pylon  
  14  0:27  Probe  
  15  0:41  Probe  
  16  0:47  Gateway  
  16  0:52  Probe  
  17  1:00  Probe  
  17  1:03  Assimilator  
  17  1:09  Probe  
  19  1:21  Probe  
  20  1:33  Probe  
  21  1:48  Cybernetics Core  
  21  2:26  Pylon  
  21  2:30  Warp Gate  
  21  2:34  Stalker  
  23  2:56  Assimilator  
  23  3:19  Robotics Facility  
  23  3:29  Stalker  
  23  3:31  Probe  
  26  3:50  Gateway  
  26  3:51  Gateway  
  26  3:53  Pylon  
  26  3:56  Pylon  
  26  4:02  Pylon  
  26  4:06  Warp Prism  
  28  4:32  Immortal  
  28  4:33  Gateway  
  28  4:39  Gateway  
  32  5:07  Stargate  
  32  5:08  Immortal, Stargate  
  36  5:36  Pylon  
  40  6:07  Observer  
  37  6:23  Zealot  
  37  6:24  Immortal, Zealot x2  
  43  6:31  Twilight Council  
  47  6:45  Nexus  
  47  6:49  Pylon  
  47  7:00  Adept  
  49  7:03  Immortal  
  49  7:07  Adept  
  49  7:08  Adept x2  
  57  7:09  Adept  
  59  7:26  Zealot  
  44  7:59  Zealot  
  44  8:00  Zealot x4  
  54  8:20  Zealot  
  40  8:43  Zealot x3  
  40  8:44  Zealot x2  
Show
View Real Time Build Order
Export as new Build Order

unuuna Zerg - Winner!

Build Orders: Hatch First 

Get SALT Encoding   

  12  0:02  Drone  
  13  0:08  Drone  
  14  0:16  Extractor  
  14  0:17  Drone  
  15  0:37  Hatchery  
  14  0:47  Extractor  
  14  0:49  Extractor, Drone x2  
  14  0:53  Overlord  
  16  1:10  Spawning Pool  
  15  1:11  Drone  
  15  1:15  Drone  
  17  1:21  Drone  
  18  1:34  Drone  
  19  1:42  Drone  
  20  1:54  Drone x2  
  21  1:58  Hatchery  
  21  2:05  Overlord  
  21  2:06  Drone  
  22  2:13  Drone  
  23  2:17  Zergling x2  
  23  2:20  Queen  
  26  2:23  Queen  
  26  2:28  Drone  
  26  2:29  Drone  
  30  2:33  Extractor  
  29  2:37  Overlord, Extractor  
  29  2:38  Drone  
  29  2:43  Zergling x2  
  30  2:58  Queen  
  30  2:59  Queen  
  30  3:03  Drone x3  
  37  3:16  Drone x4  
  41  3:28  Evolution Chamber  
  41  3:29  Drone  
  41  3:32  Queen  
  43  3:42  Lair  
  43  3:43  Zergling x4  
  43  3:44  Drone  
  43  3:46  Drone  
  47  4:05  Zerg Missile Weapons Level 1  
  47  4:10  Overlord  
  47  4:16  Overlord  
  47  4:17  Overlord x3  
  47  4:23  Roach Warren  
  46  4:27  Evolution Chamber  
  46  4:28  Drone x5  
  50  4:32  Overlord  
  50  4:37  Extractor  
  49  4:56  Zerg Ground Armor Level 1  
  49  5:01  Drone x3  
  49  5:04  Glial Reconstitution  
  49  5:05  Roach  
  49  5:06  Roach x5  
  64  5:20  Drone x7  
  64  5:21  Drone  
  72  5:23  Overlord  
  72  5:35  Extractor  
  71  5:55  Overseer  
  71  6:01  Drone x10  
  81  6:04  Infestation Pit  
  81  6:10  Spore Crawler, Drone  
  80  6:11  Drone  
  80  6:12  Drone x2  
  80  6:14  Extractor  
  80  6:16  Extractor  
  81  6:28  Drone x6  
  81  6:29  Zerg Missile Weapons Level 2  
  87  6:34  Roach x4  
  87  6:37  Overlord x2  
  87  6:38  Hatchery  
  94  6:50  Hive, Hydralisk Den  
  94  6:51  Pathogen Glands  
  94  6:52  Infestor  
  95  6:56  Roach x4  
  103  7:02  Roach x4  
  111  7:12  Overlord x3  
  111  7:14  Drone  
  111  7:15  Drone  
  113  7:16  Drone, Extractor  
  113  7:20  Extractor  
  108  7:48  Overlord x2  
  108  7:49  Hydralisk x5  
  108  7:50  Hydralisk  
  118  8:02  Overseer  
  117  8:20  Hatchery  
  117  8:23  Ravager  
  111  8:28  Ravager  
  112  8:57  Spore Crawler  
Tags
 
Matchup
PvZ
Replay Pack
sc2replays
Spawn Locations
Cross Positions
Add a new tag
Caveats
  • Supply blocks, unpowered buildings, or Contaminate may cause inaccurate times.
  • Supply counts are checked every 10 seconds.